 Dungeon Crawl Stone Soup version 0.28.0-45-g0d030f2227 (webtiles) character file.

Game seed: 490833630481886285

125 Ablot the Cutter (level 5, -3/47 HPs)
             Began as a Gnoll Chaos Knight on Apr 14, 2022.
             Was a Plaything of Xom.
             Slain by a river rat (7 damage)
             ... in a sewer.
             The game lasted 00:04:34 (2022 turns).

Ablot the Cutter (Gnoll Chaos Knight)               Turns: 2022, Time: 00:04:34

Health: -3/47      AC: 11    Str: 13    XL:     5   Next: 9%
Magic:  6/7        EV: 11    Int: 11    God:    Xom [.....*]
Gold:   129        SH:  0    Dex: 12    Spells: 6/6 levels left

rFire   . . .      SeeInvis .   a - +0 short sword (chaos)
rCold   . . .      Faith    .   (no shield)
rNeg    . . .      Spirit   .   t - +2 swamp dragon scales
rPois   +          Reflect  .   (no helmet)
rElec   .          Harm     .   (no cloak)
rCorr   .          Rampage  .   m - +0 pair of gloves
Will    .....                   (no boots)
Stlth   +.........              (no amulet)
HPRegen 0.15/turn               (no ring)
MPRegen 0.10/turn               (no ring)

@: no status effects
A: fangs 1, strong nose, distributed training
a: Renounce Religion


You were in a sewer.
You worshipped Xom.
You were Xom's teddy bear.
You visited 1 branch of the dungeon, and saw 3 of its levels.
You also visited: Sewer.

You collected 165 gold pieces.
You spent 36 gold pieces at shops.

Inventory:

Hand Weapons
 a - a +0 short sword of chaos (weapon)
 s - the +4 short sword "Opleminta" {protect, rElec rF- Int+3 Dex+4}
   (You found it on level 3 of the Dungeon)

   It grants its wielder temporary protection when it strikes (+7 to AC).
   Int:       It affects your intelligence (+3).
   Dex:       It affects your dexterity (+4).
   rF:        It makes you vulnerable to fire.
   rElec:     It insulates you from electricity.
Missiles
 c - 98 stones (quivered)
 g - 12 bolts
 i - 76 arrows
Armour
 j - an orb of guile
 m - a +0 pair of gloves (worn)
 t - +2 swamp dragon scales (worn)
Scrolls
 b - 3 scrolls of identify {unknown}
 d - a scroll of teleportation {unknown}
 n - a scroll of magic mapping {unknown}
 q - a scroll of summoning {unknown}
 r - a scroll of vulnerability {unknown}
Potions
 e - a potion of degeneration {unknown}
 f - 2 potions of brilliance {unknown}
 h - a potion of curing
 k - a potion of mutation {unknown}
 l - a potion of attraction {unknown}
 o - a potion of haste {unknown}
 p - a potion of magic {unknown}


   Skills:
 + Level 6.6 Fighting
 + Level 6.6 Short Blades
 + Level 1.3 Long Blades
 + Level 1.3 Axes
 + Level 1.3 Maces & Flails
 + Level 1.3 Polearms
 + Level 1.3 Staves
 + Level 1.3 Slings
 + Level 1.3 Bows
 + Level 1.3 Crossbows
 + Level 1.3 Throwing
 + Level 4.7 Armour
 + Level 2.9 Dodging
 + Level 1.3 Stealth
 + Level 1.3 Shields
 + Level 1.3 Unarmed Combat
 + Level 1.3 Spellcasting
 + Level 1.1 Conjurations
 + Level 1.1 Hexes
 + Level 1.1 Summonings
 + Level 1.1 Necromancy
 + Level 1.1 Translocations
 + Level 1.1 Transmutations
 + Level 1.1 Fire Magic
 + Level 1.1 Ice Magic
 + Level 1.1 Air Magic
 + Level 1.1 Earth Magic
 + Level 1.1 Poison Magic
 + Level 1.5 Invocations
 + Level 1.3 Evocations


You had 6 spell levels left.
You didn't know any spells.
Your spell library contained the following spells:

 Spells                   Type           Power      Damage    Failure   Level
 Animate Skeleton         Necr           6%         N/A       36%         1
 Apportation              Tloc           6%         N/A       36%         1
 Summon Small Mammal      Summ           12%        N/A       36%         1
 Ensorcelled Hibernation  Hex/Ice        6%         N/A       52%         2
 Passwall                 Tmut/Erth      2%         N/A       52%         2
 Swiftness                Air            3%         N/A       75%         3


Dungeon Overview and Level Annotations

Branches:
Dungeon (3/15)              Sewer (1/1)

Altars:
Zin

Shops:
D:1 !

Annotations:
D:3 3 runed translucent doors, Ablot's ghost, amateur GnCK


Innate Abilities, Weirdness & Mutations

You have very sharp teeth.
Your uncanny sense of smell can sniff out nearby items.
Your experience applies equally to all skills.


Message History

Your ufetubus barely misses the river rat.
Your ufetubus hits the river rat but does no damage.
Something bites you but does no damage. The rat bites your iron imp.
Unknown command.
You hit the river rat but do no damage.
The river rat is almost dead.
Your quasit barely misses the river rat. x2
Your quasit claws the river rat but does no damage.
The river rat bites your quasit.
Your ufetubus closely misses the river rat.
Your ufetubus barely misses the river rat.
Your iron imp hits the river rat.
The river rat dies!
Why would you want to do that?
Unknown command.
The rat splashes around in the water.
Something closely misses your shadow imp.
Unknown command.
The rat bites your iron imp. Something bites you but does no damage.
Your shadow imp barely misses something.
The rat bites your iron imp but does no damage.
Something completely misses your shadow imp.
Your iron imp hits the rat.
The rat dies!
Okay, then.
Something barely misses your shadow imp.
Something completely misses your shadow imp.
Something bites your shadow imp! Something bites your shadow imp!
Your shadow imp dies!
Your shadow imp disappears in a puff of smoke!
Throw: 98 stones
Press: ? - help, Q - select action Shift-Dir - straight line
Okay, then.
A rat comes into view.
Your iron imp misses something.
Your quasit barely misses something.
Your quasit misses something.
Your quasit claws something but does no damage.
You barely miss something. Something bites you!
You die...

#.###...≈≈≈≈≈≈...
#..#....≈≈≈≈≈≈.#
##......≈≈≈≈≈≈.##
#......≈≈≈≈.≈..#
##......≈≈≈.....
##.....†††≈.....
##......55≈†.....
##.......5{†≈≈....
#..#......@≈≈≈....
#.###.....≈≈≈≈....
#∩# #......≈≈≈....
####.....≈.≈≈...##
#......≈≈≈..##
#..r...≈≈≈≈.≈#
#......≈≈≈≈≈..
......≈≈≈≈≈...


You could see a rat, a friendly iron imp (summoned), a friendly quasit
(summoned) and a friendly ufetubus (summoned).

Vanquished Creatures
  4 adders
  2 worms
  12 dart slugs
  5 bats
  3 endoplasms
  A giant cockroach (D:3)
  4 hobgoblins
  3 kobolds (D:1)
  2 quokkas
  2 ball pythons
  2 goblins (D:1)
  6 rats
46 creatures vanquished.

Vanquished Creatures (collateral kills)
  A river rat (Sewer)
  2 ball pythons (Sewer)
  7 rats (Sewer)
10 creatures vanquished.

Grand Total: 56 creatures vanquished

Notes
Turn   | Place    | Note
-------+----------+-------------------------------------------
     0 | D:1      | Ablot the Gnoll Chaos Knight began the quest for the Orb.
     0 | D:1      | Reached XP level 1. HP: 23/23 MP: 1/1
     4 | D:1      | XOM: silly message
   104 | D:1      | Reached XP level 2. HP: 26/29 MP: 2/2
   108 | D:1      | XOM: divination: magic mapping
   353 | D:1      | Found Eterafil's Distillery.
   792 | D:1      | Bought a potion of curing for 36 gold pieces
   799 | D:1      | XOM: cloud trail
   877 | D:2      | Found a glowing silver altar of Zin.
   987 | D:2      | Reached XP level 3. HP: 29/35 MP: 2/4
  1086 | D:2      | XOM: 6-stop teleportation journey
  1251 | D:2      | Reached skill level 1 in Invocations
  1557 | D:3      | XOM: silly message
  1609 | D:3      | Reached skill level 1 in Long Blades
  1609 | D:3      | Reached skill level 1 in Axes
  1609 | D:3      | Reached skill level 1 in Maces & Flails
  1609 | D:3      | Reached skill level 1 in Polearms
  1609 | D:3      | Reached skill level 1 in Staves
  1609 | D:3      | Reached skill level 1 in Slings
  1609 | D:3      | Reached skill level 1 in Bows
  1609 | D:3      | Reached skill level 1 in Crossbows
  1609 | D:3      | Reached skill level 1 in Throwing
  1609 | D:3      | Reached skill level 1 in Stealth
  1609 | D:3      | Reached skill level 1 in Shields
  1609 | D:3      | Reached skill level 1 in Unarmed Combat
  1609 | D:3      | Reached skill level 1 in Spellcasting
  1609 | D:3      | Reached skill level 1 in Evocations
  1625 | D:3      | Found a faded altar of an unknown god.
  1625 | D:3      | XOM: 2-stop teleportation journey
  1680 | D:3      | Reached XP level 4. HP: 39/41 MP: 5/5
  1710 | D:3      | XOM: confuse monster(s)
  1713 | D:3      | Identified the +4 short sword "Opleminta" {protect, rElec
                  | rF- Int+3 Dex+4}
  1806 | D:3      | XOM: god gift: +2 swamp dragon scales
  1868 | D:3      | Found a runed translucent gate.
  1868 | D:3      | Found a runed translucent gate.
  1869 | D:3      | Found a runed translucent gate.
  1870 | D:3      | Noticed Ablot's ghost (amateur GnCK)
  1913 | D:3      | Found a glowing drain.
  1956 | D:3      | XOM: confuse monster(s)
  1961 | D:3      | Reached skill level 1 in Conjurations
  1961 | D:3      | Reached skill level 1 in Hexes
  1961 | D:3      | Reached skill level 1 in Summonings
  1961 | D:3      | Reached skill level 1 in Necromancy
  1961 | D:3      | Reached skill level 1 in Translocations
  1961 | D:3      | Reached skill level 1 in Transmutations
  1961 | D:3      | Reached skill level 1 in Fire Magic
  1961 | D:3      | Reached skill level 1 in Ice Magic
  1961 | D:3      | Reached skill level 1 in Air Magic
  1961 | D:3      | Reached skill level 1 in Earth Magic
  1961 | D:3      | Reached skill level 1 in Poison Magic
  1963 | Sewer    | Entered a sewer
  1997 | Sewer    | XOM: summons 4 friendly demons
  2011 | Sewer    | Reached XP level 5. HP: 4/47 MP: 6/6
  2022 | Sewer    | Slain by a river rat

Illustrated notes

Levels and vault maps discovered:
D:1:      lemuel_arrival_river_ford, layout_loops_ring, serial_shops, shop
D:2:      layout_basic, basic_altar, bh_walls_and_bars
D:3:      kennysheep_slugbush, layout_basic, portal_sewer_entry_a,
          basic_ecumenical_altar, gammafunk_ghost_split,
          hangedman_abyss_or_decor_lesser_grid, lemuel_another_geyser
Sewer:    sewer_minmay_treatment

Skill      XL: |  1  2  3  4 |
---------------+-------------+-----
Invocations    | 1 |  1.5
Long Blades    | 1 |  1.3
Axes           | 1 |  1.3
Maces & Flails | 1 |  1.3
Polearms       | 1 |  1.3
Staves         | 1 |  1.3
Slings         | 1 |  1.3
Bows           | 1 |  1.3
Crossbows      | 1 |  1.3
Throwing       | 1 |  1.3
Stealth        | 1 |  1.3
Shields        | 1 |  1.3
Unarmed Combat | 1 |  1.3
Spellcasting   | 1 |  1.3
Evocations     | 1 |  1.3
Conjurations   | 1 |  1.1
Hexes          | 1 |  1.1
Summonings     | 1 |  1.1
Necromancy     | 1 |  1.1
Translocations | 1 |  1.1
Transmutations | 1 |  1.1
Fire Magic     | 1 |  1.1
Ice Magic      | 1 |  1.1
Air Magic      | 1 |  1.1
Earth Magic    | 1 |  1.1
Poison Magic   | 1 |  1.1
Fighting       | |  6.6
Short Blades   | |  6.6
Armour         | |  4.7
Dodging        | |  2.9

Action                   |  1- 3 |  4- 6 || total
-------------------------+-------+-------++-------
Melee: Short sword       |    82 |    58 ||   140
       Bite              |     6 |     6 ||    12
       Punch             |       |     2 ||     2
  Use: Potion            |       |     1 ||     1
 Stab: Sleeping          |     1 |       ||     1
Armor: Leather armour    |     7 |       ||     7
       Robe              |    19 |     4 ||    23
       Swamp dragon scal |       |    26 ||    26
Dodge: Dodged            |    35 |    46 ||    81
